Map: Frozen Temple

Players

Cuddlebear - Winner!

  • Race: Terran Terran
  • League: Grandmaster

Pokebunny

  • Race: Terran Terran
  • League: Grandmaster

VOD

Have the link to the VOD?

Description

Time

  • Played on: April 6, 2016, 11:30 p.m.
  • Length: 7:55
Show
View Real Time Build Order
Export as new Build Order

Cuddlebear Terran - Winner!

Build Orders: MMM Bio 

Get SALT Encoding   

  12  0:01  SCV  
  13  0:13  SCV  
  14  0:19  Supply Depot  
  14  0:25  SCV  
  15  0:41  SCV  
  15  0:42  Barracks  
  16  0:46  Refinery  
  16  0:53  SCV  
  17  1:00  Barracks  
  17  1:05  SCV  
  18  1:17  SCV  
  19  1:26  Supply Depot  
  19  1:30  Reaper  
  20  1:38  Orbital Command  
  20  1:49  Reaper  
  20  1:52  Refinery  
  21  2:05  SCV  
  21  2:07  Reaper  
  22  2:19  SCV  
  23  2:23  Reaper  
  24  2:32  Command Center  
  24  2:38  SCV  
  24  2:41  Reaper  
  26  2:50  SCV  
  27  2:53  Factory  
  27  2:59  Barracks Reactor  
  27  3:03  SCV  
  28  3:15  SCV  
  29  3:27  SCV  
  29  3:30  Barracks Tech Lab  
  30  3:36  Engineering Bay  
  30  3:38  Marine  
  30  3:39  Factory Tech Lab  
  30  3:40  Starport  
  31  3:43  Marine  
  31  3:46  Supply Depot  
  31  3:47  Supply Depot  
  33  3:50  Stimpack  
  33  3:54  Orbital Command  
  32  3:57  Marine  
  33  4:03  Marine  
  33  4:04  Marine  
  35  4:12  Siege Tank  
  37  4:17  Marine  
  37  4:18  SCV  
  37  4:22  Marine, SCV  
  41  4:25  Marine  
  42  4:32  Missile Turret  
  42  4:33  SCV  
  42  4:37  Marine  
  44  4:40  Medivac  
  44  4:45  Marine  
  47  4:46  SCV  
  47  4:51  Marine  
  49  4:56  Marine  
  49  4:58  SCV  
  51  5:01  Siege Tank  
  51  5:05  SCV  
  55  5:09  Marine  
  55  5:10  Supply Depot  
  56  5:20  Marine x2  
  56  5:21  Medivac  
  60  5:26  SCV x2  
  62  5:30  Supply Depot  
  62  5:51  Marine x2  
  62  5:56  Marine  
  62  5:57  SCV  
  62  6:09  Marine x2  
  64  6:12  Siege Tank, Medivac  
  64  6:14  Combat Shields, Marine  
  64  6:16  SCV  
  63  6:19  Barracks  
  63  6:21  Barracks  
  63  6:23  Barracks  
  63  6:24  SCV  
  64  6:26  Refinery, Marine  
  64  6:27  Refinery, Marine  
  64  6:30  SCV  
  64  6:32  Marine  
  67  6:37  SCV  
  68  6:42  SCV  
  68  6:44  Marine x2  
  71  6:49  Starport Reactor, SCV  
  72  6:55  SCV  
  72  6:58  Marine  
  64  7:02  Marine x2, SCV  
  64  7:04  Siege Tank  
  64  7:07  Barracks Reactor  
  70  7:10  Barracks Reactor, Command Center  
  70  7:11  Marine  
  70  7:14  SCV x2  
  73  7:16  Marine  
  74  7:23  Missile Turret  
  74  7:24  Marine x2  
  74  7:26  SCV x2  
  77  7:32  Marine  
  78  7:39  Supply Depot  
  78  7:41  Supply Depot  
Show
View Real Time Build Order
Export as new Build Order

Pokebunny Terran 

Build Orders:  

Get SALT Encoding   

  12  0:01  SCV  
  13  0:13  SCV  
  14  0:17  Supply Depot  
  14  0:25  SCV  
  15  0:39  Barracks, SCV  
  16  0:44  Refinery  
  16  0:51  SCV  
  17  1:03  SCV  
  18  1:15  SCV  
  19  1:28  Reaper  
  19  1:29  Orbital Command  
  20  1:55  SCV  
  20  2:01  Supply Depot  
  21  2:06  Command Center  
  21  2:08  Marine  
  22  2:09  SCV  
  22  2:12  Factory  
  23  2:22  SCV  
  24  2:24  Refinery  
  24  2:26  Marine  
  23  2:47  Marine  
  23  2:57  Hellion, Starport  
  24  3:01  SCV  
  24  3:05  Marine  
  25  3:19  Hellion  
  26  3:23  Marine  
  26  3:25  SCV  
  26  3:26  Supply Depot  
  26  3:36  Viking  
  26  3:40  SCV  
  29  3:46  Marine, Command Center  
  29  3:48  Hellion  
  32  3:52  SCV  
  33  4:04  Marine, SCV  
  33  4:08  Medivac  
  37  4:10  Factory Tech Lab  
  37  4:16  SCV  
  36  4:19  Supply Depot  
  36  4:22  Barracks Tech Lab  
  36  4:23  Barracks  
  36  4:31  Siege Tank  
  39  4:40  SCV  
  39  4:43  Stimpack  
  40  4:48  Marine  
  41  4:58  Barracks  
  41  5:01  Orbital Command  
  41  5:10  Marine  
  42  5:19  SCV  
  42  5:21  Orbital Command  
  43  5:22  Marine  
  43  5:25  Siege Tank, Starport Reactor  
  43  5:28  Barracks Reactor  
  47  5:32  SCV  
  48  5:40  Marine  
  46  5:56  SCV  
  46  5:57  SCV  
  46  6:00  Barracks Reactor  
  46  6:01  Marine  
  43  6:10  Marine  
  44  6:18  SCV  
  45  6:22  SCV  
  46  6:30  Marine  
  46  6:31  Siege Tank, Marine  
  51  6:36  SCV  
  51  6:38  Medivac  
  54  6:42  Medivac  
  56  6:48  Supply Depot  
  39  7:02  Marine x2  
  39  7:03  Marine x3  
  39  7:04  Siege Tank  
  39  7:06  SCV x2  
  48  7:20  SCV x2  
  50  7:27  Command Center  
  50  7:29  Marine x2  
  51  7:32  Marine  
  51  7:36  SCV x2  
Tags
 
Add a new tag
Caveats
  • Supply blocks, unpowered buildings, or Contaminate may cause inaccurate times.
  • Supply counts are checked every 10 seconds.